 Dungeon Crawl Stone Soup version 0.19-a0-1933-g052ff51 (webtiles) character file.

95 Arkorax the Slasher (level 4, 0/51 HPs)
             Began as a Demonspawn Gladiator on Oct 26, 2016.
             Succumbed to an adder's poison
             ... on level 2 of the Dungeon.
             The game lasted 00:04:12 (2203 turns).

Arkorax the Slasher (Demonspawn Gladiator)          Turns: 2203, Time: 00:04:12

Health: 0/51       AC: 22    Str: 21    XL:     4   Next: 39%
Magic:  4/4        EV:  2    Int:  9    God:
Gold:   90         SH:  0    Dex: 14    Spells: 0 memorised, 3 levels left

rFire  . . .     SeeInvis .     a - +0 long sword
rCold  . . .     Gourm    .     (armour currently unavailable)
rNeg   + + +     Faith    .     (no shield)
rPois  +         Spirit   .     (helmet currently unavailable)
rElec  .         Reflect  .     (cloak currently unavailable)
rCorr  .         Harm     .     (gloves currently unavailable)
MR     .....     NoTele   +     (boots currently unavailable)
Stlth  +.........               (no amulet)
                                (no ring)
                                (no ring)

@: mighty, lethally poisoned (0 -> -22), tree-form
A: (cold resistance 0)
a: no special abilities


You were on level 2 of the Dungeon.
You were hungry.
You were a tree.
You visited 1 branch of the dungeon, and saw 3 of its levels.

You collected 90 gold pieces.

Inventory:

Hand Weapons
 a - a +0 long sword (weapon)
Missiles
 Y - 3 throwing nets (quivered)
Armour
 b - a +0 leather armour (melded)
 c - a +0 helmet (melded)
Jewellery
 k - an uncursed ring of stealth {unknown}
 m - an uncursed ring of resist corrosion {unknown}
Scrolls
 e - 2 scrolls of enchant weapon {unknown}
 g - a scroll of identify {unknown}
 h - a scroll of fear {unknown}
 i - a scroll of fog {unknown}
 j - a scroll of teleportation {unknown}
 n - 3 scrolls of remove curse {unknown}
 p - 2 scrolls of immolation {unknown}
 q - a scroll of enchant armour {unknown}
Potions
 d - a potion of flight
Comestibles
 f - 2 bread rations {!e}
 o - 3 fruits


   Skills:
 + Level 2.9 Fighting
 * Level 3.8 Long Blades
 - Level 1.7 Throwing
 + Level 1.5 Armour
 - Level 2.6 Dodging


You had 3 spell levels left.
You didn't know any spells.

Dungeon Overview and Level Annotations

Branches:
Dungeon (3/15)

Altars:
Nemelex Xobeh
Yredelemnul

Annotations:
D:1 exclusion: door
D:3 Jessica; Vuhuu's ghost, amateur OgBe


Innate Abilities, Weirdness & Mutations

((Your flesh is cold resistant. (rC+)))


Message History

Ye closely miss tha adder.
Tha adder be lightly wounded.
Ye feel sick.
Tha adder barely misses ye.
Damage: 1 (max 4) Ye hit tha adder.
Tha adder be lightly wounded.
Ye feel sick.
Tha adder bites ye.
* * * LOW HITPOINT WARNIN'
* * * Ye be leth'lly poison'd!
Tha adder poisons ye!
Tha adder bites ye but does nay damage.
A rat comes inta view.
Damage: 4 (max 4) Ye barely miss tha adder.
Tha adder be lightly wounded.
* * * LOW HITPOINT WARNIN'
* * * Ye feel sick.
Tha adder bites ye.
* * * LOW HITPOINT WARNIN'
* * * Ye be more poison'd.
Tha adder poisons ye!
Damage: 5 (max 5) Ye be too injured ta fight recklessly!
Unknown command.
Ye be too injured ta fight recklessly!
Unknown command.
Ye be too injured ta fight recklessly!
Unknown command.
Ye be too injured ta fight recklessly!
Unknown command.
Ye be too injured ta fight recklessly!
Unknown command.
It was a potion o' flight.
Ye feel very buoyant.
Ye fly up inta tha air.
* * * LOW HITPOINT WARNIN'
* * * Ye feel sick.
Tha adder bites ye.
* * * LOW HITPOINT WARNIN'
* * * Ye be more poison'd.
Tha adder poisons ye!
Tha adder bites ye.
* * * LOW HITPOINT WARNIN'
* * * Damage: 3 (max 5) It was a potion o' lignification.
Ye turn inta a tree.
Yer +0 helmet melds inta yer body.
Yer +0 leathar armour melds inta yer body.
Yer roots penetrate tha ground.
* * * LOW HITPOINT WARNIN'
* * * Ye feel sick.
Tha adder bites ye but does nay damage.
Damage: 1 (max 5) It was a potion o' might.
Ye feel very mighty all o' a sudd'n.
Ye die...

#....###.....# #.# #......+.....#
#.# #.....##.....#
###############.# #.....##..)..#
#.....†......##.######+#.##.....#
##.#########.##..........##....##
#.# #.##......... #....# #.#
#.##..S...... #.#
####'##.♣....... #.#
#..)†.......r... #.#
#............... #.#
#................ #.#
#.............>.. #.#
#.....#########'######## #.#
#####.. .....<.. #.# ### .......
#.# .......##


You could see an adder and a rat (wandering).

Vanquished Creatures
  2 adders
  An ooze (D:1)
  A dart slug (D:1)
  2 worms
  2 leopard geckos (D:1)
  3 orcs
  6 bats
  4 giant cockroaches
  7 goblins
  8 hobgoblins
  3 jackals (D:3)
  3 quokkas
  2 frilled lizards
  3 kobolds
  7 rats
  A spectral orc (D:2)
55 creatures vanquished.

Notes
Turn   | Place    | Note
-------+----------+-------------------------------------------
     0 | D:1      | Arkorax the Demonspawn Gladiator began the quest for the Orb.
     0 | D:1      | Reached XP level 1. HP: 16/16 MP: 1/1
   117 | D:1      | Reached skill level 3 in Long Blades
   117 | D:1      | Gained mutation: Your flesh is cold resistant. (rC+) [demonic ancestry]
   117 | D:1      | Reached XP level 2. HP: 17/22 MP: 2/2
   566 | D:1      | Reached XP level 3. HP: 25/28 MP: 3/3
   596 | D:1      | Reached skill level 1 in Armour
  1167 | D:2      | Found a basalt altar of Yredelemnul.
  1376 | D:3      | Noticed Vuhuu's ghost (amateur OgBe)
  1432 | D:3      | Reached XP level 4. HP: 32/34 MP: 4/4
  1507 | D:3      | HP: 10/34 [adder (1)]
  1771 | D:3      | Found a sparkling altar of Nemelex Xobeh.
  1829 | D:3      | Noticed Jessica
  1843 | D:3      | HP: 8/34 [orc/dagger (4)]
  2200 | D:2      | HP: 9/34 [poisoned by an adder]
  2201 | D:2      | HP: 4/34 [adder (1)]
  2203 | D:2      | Succumbed to an adder's poison

Vault maps used:
D:1:      dpeg_arrival_morbid_curiosity
D:2:      yredelemnul_forgotten_temple_becter
D:3:      nemelex_xobeh_ov_fountains_minmay, nemelex_lonely_heart_becter,
          uniq_jessica

Skill      XL: |  1  2  3 |
---------------+----------+-----
Long Blades    | 3 |  3.8
Armour         | 1 |  1.5
Fighting       | |  2.9
Throwing       | |  1.7
Dodging        | |  2.6

Action                   |  1- 3 |  4- 6 || total
-------------------------+-------+-------++-------
Melee: Long sword        |   117 |    70 ||   187
  Use: Potion            |       |     3 ||     3
 Stab: Sleeping          |       |     1 ||     1
  Eat: Chunk             |     2 |     2 ||     4
Armor: Leather armour    |    47 |    14 ||    61
       Skin              |       |     1 ||     1
Dodge: Dodged            |   108 |    45 ||   153
       Rpst.: Long sword |    32 |    17 ||    49

Table legend:
 A = Turns spent in this place as a percentage of turns spent in the entire game.
 B = Non-inter-level travel turns spent in this place as a percentage of non-inter-level travel turns spent in the entire game.
 C = Inter-level travel turns spent in this place as a percentage of turns spent in this place.
 D = Turns resting spent in this place as a percentage of non-inter-level travel turns spent in this place.
 E = Turns spent auto-exploring this place as a percentage of non-inter-level travel turns spent in this place.
 F = Non-inter-level travel turns spent in this place divided by the number of levels of this place that you've seen.
                   A       B       C       D       E      F
               +-------+-------+-------+-------+-------+----------------------
         Total | 100.0 | 100.0 |   4.5 |   1.5 |   9.9 | 228.7
       Dungeon | 100.0 | 100.0 |   4.5 |   1.5 |   9.9 | 228.7
               +-------+-------+-------+-------+-------+----------------------

Vault maps used:
D:1:      dpeg_arrival_morbid_curiosity
D:2:      yredelemnul_forgotten_temple_becter
D:3:      nemelex_xobeh_ov_fountains_minmay, nemelex_lonely_heart_becter,
          uniq_jessica
